Map: Wolfe Industries Compound

Players

IlIlIlIlIlIl

  • Race: Terran Terran
  • League: Platinum
  • Spawn Location: 3:00

condead

  • Race: Zerg Zerg
  • League: Gold
  • Spawn Location: 12:00

JohnMcClane - Winner!

  • Race: Protoss Protoss
  • League: Gold
  • Spawn Location: 7:00

Hindulaatti - Winner!

  • Race: Terran Terran
  • League: Diamond
  • Spawn Location: 7:00

VOD

Have the link to the VOD?

Description

Time

  • Played on: Feb. 8, 2016, 4:04 p.m.
  • Length: 10:23
Show
View Real Time Build Order
Export as new Build Order

IlIlIlIlIlIl Terran 

Build Orders:  

Get SALT Encoding   

  12  0:01  SCV  
  13  0:13  SCV  
  14  0:21  Supply Depot  
  14  0:25  SCV  
  15  0:31  Refinery  
  15  0:43  SCV  
  15  0:47  Barracks  
  16  0:58  Barracks  
  16  1:04  SCV  
  17  1:16  SCV  
  18  1:24  Barracks  
  18  1:28  SCV  
  19  1:36  Reaper  
  20  1:41  SCV  
  20  1:46  Reaper  
  22  1:52  Supply Depot  
  22  1:53  SCV  
  23  2:13  SCV, Reaper  
  25  2:15  Reaper  
  26  2:42  Reaper  
  26  2:54  Reaper  
  26  2:57  Orbital Command  
  26  3:04  Supply Depot  
  26  3:11  Barracks  
  26  3:12  Command Center  
  25  3:27  Reaper  
  25  3:29  Marine x2  
  25  3:31  Supply Depot  
  28  3:46  SCV  
  28  3:47  Marine x2  
  31  3:58  SCV  
  31  3:59  Reaper  
  33  4:04  Marine  
  33  4:05  Marine  
  32  4:22  Marine, SCV  
  32  4:23  Reaper  
  35  4:34  SCV  
  36  4:47  SCV  
  36  4:51  Barracks Tech Lab  
  37  4:53  Factory  
  37  4:54  Barracks Tech Lab  
  37  4:59  SCV  
  38  5:02  Refinery  
  38  5:03  Supply Depot  
  38  5:08  Marine x2  
  38  5:11  SCV  
  38  5:12  Marauder  
  43  5:24  Command Center  
  43  5:25  Marine  
  43  5:26  Orbital Command, Marine  
  43  5:28  SCV  
  46  5:30  Marine  
  46  5:33  Marine  
  48  5:38  Factory Tech Lab  
  48  5:40  SCV  
  49  5:43  Marine  
  49  5:48  Marine  
  49  5:51  Marine  
  45  6:01  Marine  
  36  6:06  Marine  
  36  6:09  Marine  
  23  6:26  Marauder, Marine  
  23  6:27  Marauder, SCV x2  
  30  6:40  Orbital Command  
  30  6:43  Marine  
  30  6:45  SCV  
  30  6:46  SCV  
  33  6:48  Marauder x2  
  37  6:58  SCV x2  
  39  7:01  Marine  
  40  7:08  Marine  
  40  7:10  SCV x2  
  43  7:22  SCV x2  
  43  7:31  SCV  
  43  7:34  SCV x2  
  46  7:40  Marine x3  
  46  7:41  Starport  
  46  7:43  SCV  
  50  7:46  SCV  
  50  7:47  SCV  
  50  7:49  Barracks  
  50  7:50  Barracks  
  50  7:51  Barracks  
  52  7:55  SCV  
  52  7:58  Marine x3, SCV  
  54  8:13  Engineering Bay  
  54  8:16  Marine x3  
  50  8:27  SCV  
  50  8:28  SCV  
  50  8:32  SCV  
  52  8:39  SCV  
  52  8:41  Missile Turret, Marine x3  
  51  8:55  Missile Turret  
  51  8:56  SCV  
  51  8:59  Marine x2  
  53  9:03  SCV x2  
  53  9:06  Marine  
  56  9:12  Barracks Reactor  
  56  9:23  SCV x2  
  56  9:24  SCV  
  59  9:28  Marine x2  
  61  9:35  SCV  
  62  9:53  SCV x3  
  62  9:57  Marine x2  
  62  9:58  Missile Turret  
  67  10:05  SCV x3  
Show
View Real Time Build Order
Export as new Build Order

condead Zerg 

Build Orders: Pool First 

Get SALT Encoding   

  12  0:02  Drone  
  13  0:08  Extractor  
  12  0:25  Spawning Pool  
  11  0:29  Drone  
  11  0:35  Drone  
  13  0:40  Drone  
  14  0:52  Overlord  
  14  1:12  Metabolic Boost  
  14  1:14  Zergling x4  
  14  1:16  Zergling x2  
  17  1:27  Zergling x2  
  18  1:36  Zergling x2  
  18  1:37  Queen  
  21  1:50  Overlord  
  21  2:00  Zergling x2  
  22  2:08  Zergling x2  
  23  2:21  Hatchery  
  22  2:29  Zergling x2  
  23  2:40  Drone  
  24  2:57  Zergling x2, Overlord  
  25  3:01  Baneling Nest  
  25  3:02  Drone  
  25  3:07  Zergling x4  
  25  3:09  Zergling x2  
  28  3:20  Zergling x2  
  29  3:32  Zergling x2  
  30  3:41  Drone x4  
  33  3:47  Baneling  
  33  3:48  Baneling x4  
  34  3:49  Baneling  
  29  4:20  Zergling x14  
  29  4:21  Zergling x2  
  29  4:30  Drone  
  29  4:33  Roach Warren  
  29  4:35  Drone  
  29  4:42  Overlord  
  29  4:53  Drone  
  29  4:54  Drone x2  
  32  5:07  Drone x3  
  32  5:08  Drone  
  32  5:09  Overlord  
  36  5:17  Extractor  
  35  5:24  Extractor  
  35  5:28  Drone, Roach x3  
  41  5:34  Queen  
  43  5:45  Overlord  
  43  6:00  Roach  
  43  6:02  Roach  
  41  6:09  Roach x6  
  51  6:30  Overlord x2  
  51  6:31  Overlord  
  51  6:34  Lair  
  51  6:35  Drone  
  52  6:49  Roach x4  
  52  6:50  Roach x2  
  60  7:24  Roach x4  
  68  7:33  Overlord x2  
  68  7:34  Overlord  
  68  7:55  Spore Crawler  
  67  7:58  Spore Crawler  
  67  7:59  Drone x3  
  67  8:00  Drone x4  
  67  8:01  Drone  
  74  8:18  Hatchery  
  67  8:52  Roach x3  
  67  8:53  Roach x7  
  67  8:54  Roach  
  75  9:19  Roach x3  
  61  9:27  Ravager x3  
  61  9:30  Ravager  
  63  9:33  Zergling x4  
  65  9:41  Extractor  
  65  9:42  Drone  
  65  9:43  Drone x2  
Show
View Real Time Build Order
Export as new Build Order

JohnMcClane Protoss - Winner!

Build Orders: Blink Stalkers 

Get SALT Encoding   

  12  0:01  Probe (Chrono Boost)  
  13  0:12  Probe (Chrono Boost)  
  14  0:22  Probe (Chrono Boost)  
  14  0:23  Pylon  
  15  0:42  Gateway  
  15  0:43  Assimilator  
  15  0:46  Probe (Chrono Boost)  
  17  0:57  Probe (Chrono Boost)  
  17  1:07  Probe (Chrono Boost)  
  18  1:12  Assimilator  
  18  1:18  Probe (Chrono Boost)  
  19  1:24  Pylon  
  19  1:28  Probe (Chrono Boost)  
  19  1:29  Cybernetics Core  
  20  1:39  Probe (Chrono Boost)  
  21  1:49  Pylon  
  21  2:00  Gateway  
  20  2:03  Probe (Chrono Boost)  
  20  2:07  Warp Gate (Chrono Boost)  
  21  2:12  Gateway  
  21  2:14  Mothership Core (Chrono Boost)  
  23  2:33  Pylon  
  23  2:59  Gateway  
  23  3:07  Twilight Council  
  23  3:09  Pylon, Probe  
  24  3:31  Gateway  
  24  3:44  Blink (Chrono Boost)  
  24  3:57  Stalker x2  
  24  3:58  Stalker x2  
  32  4:21  Stalker x2  
  36  4:31  Probe  
  37  4:44  Stalker x2  
  37  4:45  Zealot x2  
  43  4:52  Forge  
  45  5:16  Pylon  
  45  5:17  Stalker x3  
  51  5:32  Nexus  
  51  5:43  Protoss Ground Weapons Level 1 (Chrono Boost)  
  33  6:26  Stalker x2  
  33  6:27  Stalker x3  
  43  6:43  Probe  
  43  6:45  Probe  
  43  7:24  Protoss Ground Armor Level 1 (Chrono Boost)  
  27  7:33  Probe  
  27  7:34  Probe, Gateway  
  29  7:37  Pylon x2  
  29  7:42  Stalker x4  
  37  7:53  Templar Archives  
  37  8:09  Assimilator  
  37  8:12  Probe x2  
  39  8:23  Gateway  
  37  8:41  Stalker x5  
  45  8:59  Stalker  
  45  9:19  Stalker x3  
  51  9:29  Probe  
  51  9:30  Probe  
  53  9:34  Assimilator, Photon Cannon  
  53  9:38  Photon Cannon  
  53  9:42  Probe  
Show
View Real Time Build Order
Export as new Build Order

Hindulaatti Terran - Winner!

Build Orders: Command Center First (CC), MMM Bio 

Get SALT Encoding   

  12  0:01  SCV  
  13  0:13  SCV  
  14  0:18  Supply Depot  
  14  0:25  SCV  
  15  0:39  SCV  
  16  0:53  SCV  
  17  1:02  Command Center  
  17  1:06  SCV  
  18  1:15  Barracks  
  18  1:18  SCV  
  18  1:23  Refinery  
  19  1:30  SCV  
  20  1:42  SCV  
  20  1:46  Barracks  
  21  1:55  Supply Depot  
  21  1:58  Barracks  
  21  2:05  Marine  
  22  2:08  SCV  
  23  2:16  SCV  
  24  2:24  Marine  
  24  2:28  Orbital Command  
  25  2:35  Barracks Tech Lab  
  24  2:39  SCV  
  24  2:43  Marine  
  26  2:51  SCV  
  26  2:52  Barracks Tech Lab  
  26  2:55  Marauder  
  29  3:00  Concussive Shells  
  29  3:03  Marine  
  29  3:05  Orbital Command  
  30  3:15  Refinery, Marine  
  33  3:20  Marauder, Marine  
  34  3:33  Marine  
  35  3:35  Barracks  
  35  3:37  Barracks  
  35  3:39  Marine  
  36  3:43  Marauder  
  36  3:46  SCV x2  
  36  3:48  Refinery  
  40  3:50  Refinery  
  40  3:52  Marauder  
  42  3:58  SCV  
  42  3:59  SCV  
  42  4:00  Stimpack  
  42  4:02  Marine  
  45  4:29  Factory  
  45  4:33  Supply Depot  
  45  4:37  Marine  
  46  4:40  Supply Depot, Marine  
  46  4:42  Supply Depot  
  46  4:43  Supply Depot  
  46  4:51  Combat Shields  
  46  4:54  Marine x3  
  46  4:55  Marauder, SCV x2  
  53  5:02  Marine  
  54  5:09  SCV x2  
  54  5:12  Marine x2  
  58  5:16  Marine, Barracks Reactor  
  58  5:20  Factory Reactor  
  59  5:21  SCV x2  
  59  5:23  Starport  
  61  5:33  SCV x2  
  63  5:36  Marine x3  
  63  5:39  Marauder  
  68  5:46  Command Center  
  68  5:54  Marine x2  
  68  5:55  Marauder  
  72  6:00  Marine  
  67  6:06  Widow Mine x2  
  67  6:07  Medivac  
  67  6:09  Barracks  
  62  6:12  Supply Depot  
  62  6:13  Supply Depot  
  62  6:14  Supply Depot  
  57  6:27  Marine, Barracks Reactor  
  57  6:28  Marauder, Marine x3  
  57  6:31  SCV x2  
  65  6:36  Engineering Bay  
  65  6:37  Engineering Bay  
  65  6:46  Marauder, SCV  
  69  6:47  SCV  
  69  6:52  Marauder, Marine x2  
  74  6:59  SCV  
  74  7:00  Barracks Reactor, SCV x2  
  76  7:05  Supply Depot, Starport Reactor, Barracks Reactor  
  76  7:06  Supply Depot  
  76  7:08  Marauder  
  78  7:11  SCV  
  78  7:14  SCV  
  78  7:15  Orbital Command  
  80  7:20  Marine  
  80  7:21  Marauder, Marine  
  84  7:26  Supply Depot  
  84  7:29  Marauder  
  86  7:33  Marine x2  
  86  7:35  SCV  
  89  7:38  Marine, Terran Infantry Weapons Level 1  
  89  7:39  Marine  
  89  7:40  Terran Infantry Armor Level 1  
  89  7:42  Marauder  
  93  7:50  Marine  
  94  7:54  SCV x3  
  97  8:03  Marine x3  
  97  8:04  Marauder, Marine x3  
  97  8:05  Widow Mine  
  105  8:06  SCV x3  
  105  8:08  Medivac, Marine  
  113  8:18  SCV x3  
  116  8:21  Marine  
  117  8:30  SCV x2  
  117  8:31  SCV  
  120  8:35  Marine  
  120  8:36  Marauder x2, Marine x4  
  120  8:38  Marine  
  120  8:39  Marine  
  131  8:42  SCV x2  
  131  8:43  SCV  
  134  8:54  SCV  
  133  8:57  Marauder  
  133  9:00  Medivac x2  
  139  9:09  Refinery  
  139  9:10  Refinery  
  139  9:11  Marine  
  139  9:12  Marauder, Marine  
  141  9:20  Marine  
  141  9:21  Marine x2  
  141  9:24  Marine  
  141  9:25  Command Center  
  141  9:42  Armory  
  141  9:48  Supply Depot  
  141  9:49  Supply Depot  
  141  9:50  Supply Depot  
  141  9:51  Supply Depot  
  141  9:53  Supply Depot x2  
  136  10:20  Refinery  
Tags
 
Add a new tag
Caveats
  • Supply blocks, unpowered buildings, or Contaminate may cause inaccurate times.
  • Supply counts are checked every 10 seconds.